 Dungeon Crawl Stone Soup version 0.24.0-123-gd5b16e6ec5 (webtiles) character file.

Game seed: 14255265067131376688, levelgen mode: deterministic

81 Bergy the Grave Robber (level 4, -1/30 HPs)
             Began as a Mummy Necromancer on Jan 3, 2020.
             Shot with an arrow by a centaur (4 damage)
             ... on level 3 of the Dungeon.
             The game lasted 00:12:46 (2278 turns).

Bergy the Grave Robber (Mummy Necromancer)          Turns: 2278, Time: 00:12:47

Health: -1/30      AC:  2    Str: 11    XL:     4   Next: 20%
Magic:  2/8        EV: 12    Int: 15    God:
Gold:   115        SH:  0    Dex: 12    Spells: 8/9 levels left

rFire    x . .     SeeInvis .   b - +0 hunting sling
rCold    + . .     Gourm    .   (no shield)
rNeg     + + +     Faith    .   g - +0 robe
rPois    ∞         Spirit   .   (no helmet)
rElec    .         Reflect  .   (no cloak)
rCorr    .         Harm     .   (no gloves)
MR       .....                  (no boots)
Stlth    ++........             i - amulet of magic regeneration
HPRegen  0.10/turn              (no ring)
MPRegen  0.36/turn              (no ring)

@: very slightly contaminated
A: no food or potions, fire vulnerability, cold resistance 1, negative energy
resistance 3, torment resistance, unbreathing
a: no special abilities


You were on level 3 of the Dungeon.
You were not hungry.

You visited 1 branch of the dungeon, and saw 3 of its levels.

You collected 115 gold pieces.

Inventory:

Hand Weapons
 b - a +0 hunting sling (weapon)
Missiles
 c - 99 stones (quivered)
 f - 17 poisoned darts
Armour
 g - a +0 robe (worn)
 j - a +0 hat
Jewellery
 i - an amulet of magic regeneration (around neck)
Scrolls
 a - a scroll of amnesia {unknown}
 d - 3 scrolls of identify
 e - 2 scrolls of teleportation
 h - 2 scrolls of blinking
 l - 2 scrolls of enchant armour
 m - a scroll of enchant weapon {unknown}


   Skills:
 * Level 0.7 Slings
 + Level 1.5 Dodging
 + Level 1.6 Stealth
 * Level 3.1 Spellcasting
 * Level 5.4 Necromancy


You had 8 spell levels left.
You knew the following spells:

 Your Spells              Type           Power        Failure   Level  Hunger
a - Pain                  Necr           ###.         2%          1    N/A

Your spell library contained the following spells:

 Spells                   Type           Power        Failure   Level  Hunger
 Animate Skeleton         Necr           N/A          2%          1    N/A
 Vampiric Draining        Necr           ###.......   6%          3    N/A
 Animate Dead             Necr           N/A          22%         4    N/A
 Haunt                    Necr/Summ      ##........   100%        7    N/A
 Infestation              Necr           ###.......   100%        8    N/A
 Regeneration             Chrm/Necr      Unusable     N/A         3    N/A
 Borgnjor's Revivificati  Necr           Unusable     N/A         8    N/A
 Death's Door             Chrm/Necr      Unusable     N/A         8    N/A
 Necromutation            Tmut/Necr      Unusable     N/A         8    N/A

Dungeon Overview and Level Annotations

Branches:
Dungeon (3/15)

Altars:
Makhleb
Xom

Annotations:
D:3 Grinder


Innate Abilities, Weirdness & Mutations

You do not eat or drink.
Your flesh is vulnerable to fire.
You are immune to poison.
Your flesh is cold resistant. (rC+)
You are immune to negative energy. (rN+++)
You are immune to unholy pain and torment.
You can survive without breathing.


Message History

Aiming: Pain (safe; 2% risk of failure)
Press: ? - help, Shift-Dir - straight line, f/p - centaur
Aim: a centaur, wielding a +0 shortbow (lightly wounded, chance to defeat MR: 78%)
The centaur writhes in agony.
The centaur shoots an arrow.
The arrow hits you.
* * * LOW HITPOINT WARNING * * *
Casting: Pain (safe; 2% risk of failure)
Confirm with . or Enter, or press ? or * to list all spells.
Aiming: Pain (safe; 2% risk of failure)
Press: ? - help, Shift-Dir - straight line, f/p - centaur
Aim: a centaur, wielding a +0 shortbow (moderately wounded, chance to defeat MR: 78%)
The centaur writhes in agony!
The centaur shoots an arrow.
The arrow hits you.
* * * LOW HITPOINT WARNING * * *
Casting: Pain (safe; 2% risk of failure)
Confirm with . or Enter, or press ? or * to list all spells.
Aiming: Pain (safe; 2% risk of failure)
Press: ? - help, Shift-Dir - straight line, f/p - centaur
Aim: a centaur, wielding a +0 shortbow (severely wounded, chance to defeat MR: 78%)
The centaur barely resists.
The centaur shoots an arrow.
The arrow closely misses you.
The centaur shoots an arrow.
The arrow hits you.
You die...

#.#........ #..<..# ##
#...####.##........#
#.###..# .##.........#
#.#..#####)###..........l
#.#................#####
#.######†#####....). #.#
####/#####.#.##.# #.#
#....(..##.... .. #.#
#....@..# #.# #.......#
#^# #.......# .)#
#.......# ..# #.......#
..# #.c.....# #.##
###...... #.#####.


You could see a centaur.

Vanquished Creatures
  3 adders (D:2)
  An ooze (D:2)
  A worm (D:2)
  4 dart slugs (D:1)
  A leopard gecko (D:2)
  8 bats
  3 giant cockroaches
  3 goblins
  5 hobgoblins
  2 kobolds (D:2)
  2 ball pythons
  2 frilled lizards
  5 rats
40 creatures vanquished.

Notes
Turn   | Place    | Note
-------+----------+-------------------------------------------
     0 | D:1      | Bergy the Mummy Necromancer began the quest for the Orb.
     0 | D:1      | Reached XP level 1. HP: 13/13 MP: 4/4
     5 | D:1      | You fall into a shaft and drop 1 floor!
   342 | D:2      | Reached XP level 2. HP: 19/19 MP: 1/5
   824 | D:1      | Reached XP level 3. HP: 23/24 MP: 0/7
  1199 | D:1      | Reached skill level 5 in Necromancy
  1809 | D:2      | Found a burning altar of Makhleb.
  1809 | D:2      | Found a shimmering altar of Xom.
  1914 | D:2      | Reached XP level 4. HP: 27/30 MP: 3/8
  2026 | D:3      | Noticed a centaur
  2045 | D:3      | Noticed Grinder
  2278 | D:3      | Shot with an arrow by a centaur

Levels and vault maps discovered:
D:1:      evilmike_arrival_rings, layout_rooms, serial_park_tiny_2
D:2:      layout_rooms, minitemple, first_ration
D:3:      layout_loops_cross, uniq_grinder

Skill      XL: |  1  2  3  4 |
---------------+-------------+-----
Necromancy     | 5 |  5.4
Spellcasting   | 3 |  3.1
Slings         | |  0.7
Dodging        | |  1.5
Stealth        | |  1.6

Action                   |  1- 3 |  4- 6 || total
-------------------------+-------+-------++-------
 Fire: Hunting sling     |     8 |       ||     8
 Cast: Pain              |    63 |    24 ||    87
  Use: Scroll            |     1 |     5 ||     6
Dodge: Dodged            |    19 |     3 ||    22
